 Dungeon Crawl Stone Soup version 0.23-a0-419-g0174fd8 (webtiles) character file.

259 Think the Sneak (level 6, -1/39 HPs)
             Began as an Octopode Assassin on Nov 14, 2018.
             Was a Follower of Zin.
             Shot with an arrow by a centaur (5 damage)
             ... on level 5 of the Dungeon.
             The game lasted 00:13:24 (4149 turns).

Think the Sneak (Octopode Assassin)                 Turns: 4149, Time: 00:13:25

Health: -1/39      AC:  1    Str: 11    XL:     6   Next: 17%
Magic:  5/7        EV: 13    Int: 13    God:    Zin [*.....]
Gold:   44         SH:  0    Dex: 15    Spells: 6/7 levels left

rFire    . . .     SeeInvis .   v - +1 spear "Sutregan" {protect, +Inv}
rCold    . . .     Gourm    .   (no shield)
rNeg     . . .     Faith    .   (helmet restricted)
rPois    .         Spirit   .   (no amulet)
rElec    .         Reflect  .   (no ring)
rCorr    .         Harm     .   (no ring)
MR       .....                  (no ring)
Stlth    +++++.....             (no ring)
HPRegen  0.13/turn              (no ring)
MPRegen  0.10/turn              (no ring)
                                (no ring)
                                (no ring)

@: very slightly contaminated, invisible
A: almost no armour, stealthy swim, amphibious, 8 rings, constrict 8, camouflage
1, gelatinous body 1
a: Recite, Donate Gold, Renounce Religion


You were on level 5 of the Dungeon.
You worshipped Zin.
Zin was aware of your devotion.
You were not hungry.

You visited 2 branches of the dungeon, and saw 6 of its levels.

You collected 178 gold pieces.
You donated 134 gold pieces to Zin.

Inventory:

Hand Weapons
 a - a +2 dagger
 q - a +1 dagger of venom
 s - a +0 blowgun
 v - the +1 spear "Sutregan" (weapon) {protect, +Inv}
   (You found it on level 4 of the Dungeon)

   It protects the one who uses it against injury (+AC on strike).
   It lets you turn invisible.
Missiles
 c - 5 poisoned needles
 d - 12 curare-tipped needles
 o - 7 needles of confusion
Jewellery
 b - an uncursed ring of protection from magic
 h - an uncursed amulet of the acrobat {unknown}
 n - a cursed ring of attention {unknown}
Wands
 r - a wand of clouds (4)
 w - a wand of acid (10)
Scrolls
 g - 2 scrolls of immolation {unknown}
 l - a scroll of amnesia
 m - 6 scrolls of identify
 u - 2 scrolls of remove curse {unknown}
 x - a scroll of fear {unknown}
 y - a scroll of enchant weapon {unknown}
Potions
 e - a potion of mutation {unknown}
 i - 2 potions of degeneration {unknown}
 j - a potion of agility {unknown}
 k - a potion of lignification
 p - a potion of might {unknown}
 t - 2 potions of curing {unknown}
Comestibles
 f - 8 rations


   Skills:
 - Level 2.0 Fighting
 - Level 3.8 Short Blades
 * Level 1.4 Polearms
 - Level 2.8 Throwing
 - Level 1.0 Dodging
 * Level 7.6 Stealth
 + Level 1.0 Spellcasting
 + Level 0.0 Evocations


You had 6 spell levels left.
You knew the following spells:

 Your Spells              Type           Power        Failure   Level  Hunger
a - Confusing Touch       Hex            #.....       28%         1    ##.....

Your spell library contained the following spells:

 Spells                   Type           Power        Failure   Level  Hunger
 Magic Dart               Conj           #...         28%         1    ##.....
 Blink                    Tloc           N/A          38%         2    ###....
 Call Imp                 Summ           #.......     38%         2    ###....
 Slow                     Hex            #.......     38%         2    ###....
 Confuse                  Hex            #.......     63%         3    ####...
 Conjure Flame            Conj/Fire      #.......     63%         3    ####...
 Gell's Gravitas          Tloc           #.........   63%         3    ####...
 Mephitic Cloud           Conj/Pois/Air  #.......     63%         3    ####...
 Petrify                  Tmut/Erth      #.......     95%         4    #####..
 Metabolic Englaciation   Hex/Ice        #.........   100%        5    ######.
 Yara's Violent Unravell  Hex/Tmut       #.........   100%        5    ######.


Dungeon Overview and Level Annotations

Branches:
Dungeon (5/15)             Temple (1/1) D:4

Altars:
Ashenzari
Fedhas
Gozag
Hepliaklqana
Kikubaaqudgha
Makhleb
Qazlal
Ru
Sif Muna
Uskayaw
Vehumet
Wu Jian
Xom
Yredelemnul
Zin
The Shining One


Innate Abilities, Weirdness & Mutations

You cannot wear most types of armour.
You are very stealthy in the water. (Stealth+)
You are amphibious.
You can wear up to eight rings at the same time.
You can use your tentacles to constrict eight enemies at once.
Your skin changes colour to match your surroundings (Stealth+).
Your rubbery body absorbs attacks. (AC +1, EV +1)


Message History

v - the +1 spear "Sutregan" (weapon)
{protect, +Inv} The centaur shoots an arrow.
The arrow closely misses you.
Okay, then.
Okay, then.
You fail to use your ability.
The centaur shoots an arrow.
The arrow hits you.
You fade into invisibility!
You are very lightly contaminated with residual magic.
You feel quite a bit more hungry. The centaur zombie misses you.
Okay, then.
A worker ant comes into view.
The centaur shoots an arrow.
The arrow hits you!
* * * LOW HITPOINT WARNING * * *
The centaur zombie hits you.
* * * LOW HITPOINT WARNING * * *
The worker ant twitches its antennae in your direction.
Something shouts, "Get thee gone, thou bootless nut-hook nightsoil!"
There is a stone staircase leading up, spattered with blood here.
You see here 2 arrows.
The centaur shoots an arrow.
The arrow hits you.
You die...

...a ....#
....#
#+#...#
#.#...#
.c..<
#.####..#
#.....@.#
#.....#Z#
#.....#.#
#.#.....# #
#..#...
#....#...#
#.#.......
.....#.#..#
##. ...


You could see a centaur, a worker ant (wandering) and a centaur zombie.

Vanquished Creatures
  An orc priest (D:3)
  A centaur skeleton (D:4)
  5 adders
  3 gnolls (D:4)
  An adder skeleton (D:4)
  2 worms
  6 dart slugs
  5 leopard geckos
  3 orcs
  12 bats
  5 giant cockroaches
  15 hobgoblins
  5 quokkas
  A ball python (D:1)
  5 frilled lizards
  11 goblins
  A jackal skeleton (D:4)
  10 kobolds
  8 rats
100 creatures vanquished.

Notes
Turn   | Place    | Note
-------+----------+-------------------------------------------
     0 | D:1      | Think the Octopode Assassin began the quest for the Orb.
     0 | D:1      | Reached XP level 1. HP: 14/14 MP: 1/1
   223 | D:1      | Reached XP level 2. HP: 12/19 MP: 2/2
   379 | D:1      | Reached XP level 3. HP: 24/24 MP: 3/3
   418 | D:1      | Reached skill level 6 in Stealth
  1485 | D:2      | Reached XP level 4. HP: 24/29 MP: 4/4
  2463 | D:2      | Found a stormy altar of Qazlal.
  2738 | D:3      | Reached XP level 5. HP: 6/34 MP: 5/5
  3027 | D:3      | Reached skill level 7 in Stealth
  3185 | D:3      | Found a blossoming altar of Fedhas.
  3565 | D:4      | Got a twisted spear
  3567 | D:4      | Identified the +1 spear "Sutregan" {protect, +Inv} (You
                  | found it on level 4 of the Dungeon)
  3681 | D:4      | Reached skill level 1 in Polearms
  3683 | D:4      | Found a staircase to the Ecumenical Temple.
  3732 | D:4      | Reached XP level 6. HP: 39/39 MP: 7/7
  3738 | D:4      | Reached skill level 1 in Spellcasting
  3742 | D:4      | Learned a level 1 spell: Confusing Touch
  3758 | D:4      | Found a shimmering altar of Xom.
  3800 | Temple   | Entered the Ecumenical Temple
  4053 | Temple   | Became a worshipper of Zin the Law-Giver
  4053 | Temple   | Reached * piety under Zin
  4054 | Temple   | Donated 78 gold pieces to Zin
  4055 | Temple   | Donated 39 gold pieces to Zin
  4091 | D:4      | Found an ornate altar of the Wu Jian Council.
  4141 | D:5      | Entered Level 5 of the Dungeon
  4149 | D:5      | Shot with an arrow by a centaur

Vault maps used:
D:1:      dpeg_arrival_erosion, minmay_misc_feat_chi, minmay_split_cup_large
D:2:      kennysheep_six_static_rooms, overflow_temple_1_default,
          serial_co_window_serial, co_window_corner_a,
          co_window_of_opportunity_a, co_window_paths_b, co_window_paths_a,
          co_window_of_opportunity_a, co_window_of_opportunity_a,
          co_window_broadway_a, co_window_2corner, co_window_of_opportunity_b,
          co_window_broadway_a, glass_columns_c, first_ration
D:3:      fedhas_ov_isle_minmay
D:4:      marbit_many_paths, kennysheep_mini_moat, minmay_temple_entry_grid,
          chequers_serial_rivers_micro_a, okawaru_metal_pillars_1_2
D:5:      lemuel_coloured_pillars_altar, lemuel_crystal_altar, elyvilon_altar_3,
          uniq_sigmund, uniq_menkaure, uniq_ijyb
Temple:   minmay_temple_bridge_abc

Skill      XL: |  1  2  3  4  5  6 |
---------------+-------------------+-----
Stealth        | 6 7 |  7.6
Short Blades   | 3 |  3.8
Polearms       | 1 |  1.4
Spellcasting   | 1 |  1.0
Fighting       | |  2.0
Throwing       | |  2.8
Dodging        | |  1.0

Action                   |  1- 3 |  4- 6 || total
-------------------------+-------+-------++-------
Melee: Dagger            |    79 |    79 ||   158
       Constrict         |    18 |    26 ||    44
       Tentacles         |    13 |    16 ||    29
       Spear             |       |    36 ||    36
 Fire: Blowgun           |       |    36 ||    36
Invok: Donate Gold       |       |     2 ||     2
 Abil: Evoke Invisibilit |       |     1 ||     1
  Use: Potion            |       |     1 ||     1
       Scroll            |       |     2 ||     2
 Stab: Sleeping          |    15 |    17 ||    32
  Eat: Chunk             |     1 |     6 ||     7
       Ration            |       |     1 ||     1
Armor: Skin              |     9 |    16 ||    25
Dodge: Dodged            |    44 |    47 ||    91

Table legend:
 A = Non-vault XP
 B = Vault XP
 C = Vault XP percentage of total XP
 D = Non-vault monster count
 E = Vault monster count
 F = Vault count percentage of total count
                 A         B        C        D         E       F
            +---------+---------+-------+---------+---------+-------
      Total |     342 |      28 |   7.6 |      90 |      10 |  10.0
            +---------+---------+-------+---------+---------+-------
        D:1 |      54 |       8 |  12.9 |      29 |       4 |  12.1
        D:2 |      50 |      20 |  28.6 |      27 |       6 |  18.2
        D:3 |     109 |       0 |   0.0 |      20 |       0 |   0.0
        D:4 |     129 |       0 |   0.0 |      14 |       0 |   0.0
            +---------+---------+-------+---------+---------+-------
